 Dungeon Crawl Stone Soup version 0.19.5 (webtiles) character file.

23 Brynjolfr the Charmwright (level 2, 6/26 HPs)
             Began as a Deep Dwarf Skald on Mar 22, 2017.
             Quit the game on level 1 of the Dungeon.
             The game lasted 00:04:58 (1723 turns).

Brynjolfr the Charmwright (Deep Dwarf Skald)        Turns: 1723, Time: 00:04:59

Health: 6/26       AC:  3    Str: 15    XL:     2   Next: 75%
Magic:  4/4        EV: 11    Int: 12    God:
Gold:   47         SH:  0    Dex: 12    Spells: 1 memorised, 3 levels left

rFire  . . .     SeeInvis .     a - +0 hand axe
rCold  . . .     Gourm    .     b - +0 leather armour
rNeg   . . .     Faith    .     (no shield)
rPois  .         Spirit   .     (no helmet)
rElec  .         Reflect  .     (no cloak)
rCorr  .         Harm     .     (no gloves)
MR     .....                    (no boots)
Stlth  +.........               (no amulet)
                                (no ring)
                                (no ring)

@: non-regenerating
A: damage resistance, recharge devices, sense surroundings 1, slow regeneration
3
a: Device Recharging


You were on level 1 of the Dungeon.
You were not hungry.

You visited 1 branch of the dungeon, and saw 1 of its levels.

You collected 47 gold pieces.

Inventory:

Hand Weapons
 a - a +0 hand axe (weapon)
Missiles
 i - 4 tomahawks of returning (quivered)
Armour
 b - a +0 leather armour (worn)
Wands
 d - a wand of heal wounds (5/9)
Scrolls
 g - a scroll of recharging {unknown}
 k - a scroll of amnesia {unknown}
 n - a scroll of remove curse {unknown}
Potions
 e - a potion of cure mutation {unknown}
 j - a potion of magic {unknown}
 l - a potion of curing {unknown}
 o - a potion of resistance
Books
 c - a book of Battle

   Spells                             Type                      Level
   a - Infusion                       Charms                       1
   b - Shroud of Golubria             Charms/Translocation         2
   c - Song of Slaying                Charms                       2
   d - Spectral Weapon                Hexes/Charms                 3
   e - Regeneration                   Charms/Necromancy            3
Comestibles
 f - a bread ration
 h - a meat ration
 m - a beef jerky


   Skills:
 + Level 2.0 Fighting
 + Level 2.5 Axes
 + Level 1.3 Armour
 + Level 1.3 Dodging
 + Level 1.9 Spellcasting
 + Level 3.1 Charms


You had 3 spell levels left.
You knew the following spells:

 Your Spells              Type           Power        Failure   Level  Hunger
a - Infusion              Chrm           #...         12%         1    ##.....


Dungeon Overview and Level Annotations

Branches:
Dungeon (1/15)

Altars:


Innate Abilities, Weirdness & Mutations

You are resistant to damage.
You can recharge devices by infusing magical energy.
You passively map a small area around you.
You do not regenerate.


Message History

You continue eating. x2
You finish eating.
That bread ration really hit the spot!
You start waiting.
Done waiting.
You are too injured to fight recklessly!
A hobgoblin comes into view.
The hobgoblin shouts!
The hobgoblin drinks a potion.
The hobgoblin suddenly seems more resistant.
You barely miss the hobgoblin.
The hobgoblin hits you but does no damage.
You slash the hobgoblin!
You kill the hobgoblin!
o - a potion of resistance You see here a hobgoblin corpse.
Unknown command.
Unknown command.
Unknown command.
Unknown command.
Are you sure you want to abandon this character and quit the game? (Confirm with "yes".)

##'###'#†#......... #.#
...#...#.#......... #.#
...#...#....†...... #.#
...#...##.##+##########
#.#
...#...##.##.##.......#
#.#
...#...##..#.##.......#
#.#
####...###.#.##.......#
#.# .......#
#...##.......# #.#
.......#
##..##.@.....###.#
.......#
#.>.)........##.#######
########
#####........##.#......
#...........#.####.
#........####.# #.
#........# #.# #.
#........####.# #.
######.#.#....# #.
##.#†#.#### #.


There were no monsters in sight!

Vanquished Creatures
  5 bats (D:1)
  2 goblins (D:1)
  3 hobgoblins (D:1)
  2 jackals (D:1)
  A ball python (D:1)
  3 frilled lizards (D:1)
  3 kobolds (D:1)
  3 rats (D:1)
22 creatures vanquished.

Notes
Turn   | Place    | Note
-------+----------+-------------------------------------------
     0 | D:1      | Brynjolfr the Deep Dwarf Skald began the quest for the Orb.
     0 | D:1      | Reached XP level 1. HP: 19/19 MP: 3/3
   269 | D:1      | Reached XP level 2. HP: 13/26 MP: 4/4
   531 | D:1      | Reached skill level 3 in Charms
  1723 | D:1      | Quit the game

Skill      XL: |  1  2 |
---------------+-------+-----
Charms         | 3 |  3.1
Fighting       | 2 |  2.0
Axes           | |  2.5
Armour         | |  1.3
Dodging        | |  1.3
Spellcasting   | |  1.9

Action                   || total
-------------------------++-------
Melee: Hand axe          ||    71
  Eat: Bread ration      ||     1
Armor: Leather armour    ||    27
Dodge: Dodged            ||    62
